 Dungeon Crawl Stone Soup version 0.31-a0-1405-g2bb1a01664 (webtiles) character file.

Game seed: 2371662141355792967

521 RepHenryClay the Covered (level 7, 0/52 HPs)
             Began as a Demonspawn Fighter on Dec 25, 2023.
             Frozen to death by an endoplasm (5 damage)
             ... on level 4 of the Dungeon.
             The game lasted 00:05:53 (3389 turns).

RepHenryClay the Covered (Demonspawn Fighter)       Turns: 3389, Time: 00:05:54

Health: 0/52       AC:  6    Str: 18    XL:     7   Next: 1%
Magic:  7/7        EV:  7    Int: 12    God:
Gold:   161        SH:  4    Dex: 13    Spells: 6/6 levels left

rFire   . . .        a - +0 war axe
rCold   . . .        c - +0 buckler
rNeg    . . .        e - +0 chain mail
rPois   .            (helmet restricted)
rElec   .            l - +0 cloak
rCorr   .            (no gloves)
SInv    .            h - +2 pair of boots
Will    .....        (no amulet) Stlth
                     (no ring)
HPRegen 0.28/turn    (no ring)
MPRegen 0.20/turn

%: no passive effects
@: mighty, corroded
A: horns 1, magic regeneration, big brain 2
a: no special abilities


You were on level 4 of the Dungeon.
You visited 2 branches of the dungeon, and saw 5 of its levels.

You collected 161 gold pieces.

Inventory:

Hand Weapons
 a - a +0 war axe (weapon)
 x - a +2 whip of electrocution
Missiles
 r - 2 javelins (quivered)
 s - 4 atropa-tipped darts
 v - 5 poisoned darts
Armour
 c - a +0 buckler (worn)
 e - a +0 chain mail (worn)
 h - a +2 pair of boots (worn)
 l - a +0 cloak (worn)
Wands
 w - a wand of roots (8)
Scrolls
 b - 2 scrolls of blinking {unknown}
 f - a scroll of teleportation {unknown}
 g - a scroll of amnesia {unknown}
 i - 3 scrolls of enchant weapon {unknown}
 j - a scroll of fog {unknown}
 k - a scroll of enchant armour {unknown}
 m - 2 scrolls of revelation {unknown}
 n - 3 scrolls of vulnerability {unknown}
 o - a scroll of fear {unknown}
 q - a scroll of identify {unknown}
 t - a scroll of poison {unknown}
Potions
 p - 2 potions of curing


   Skills:
 - Level 3.0 Fighting
 + Level 5.0 Axes
 + Level 5.5 Armour
 - Level 2.6 Shields


You had 6 spell levels left.
You didn't know any spells.
Your spell library contained the following spells:

 Spells                   Type           Power      Damage    Failure   Level
 Tukima's Dance           Hex            0%         N/A       100%        3
 Passage of Golubria      Tloc           0%         N/A       100%        4
 Yara's Violent Unravell  Hex/Alch       0%         3d3       100%        5


Dungeon Overview and Level Annotations

Branches:
Dungeon (4/15)             Temple (1/1) D:4

Altars:
Ashenzari
Dithmenos
Fedhas
Makhleb
Nemelex Xobeh
Qazlal
Ru
Trog
Uskayaw
Yredelemnul

Shops:
D:1 ?


Innate Abilities, Weirdness & Mutations

You have a pair of small horns on your head.
You regenerate magic rapidly.
You have an extremely huge brain. (Int +4)


Message History

The jelly barely misses you.
Huge Dmg: -9%(-4hp) hp: 32%(15hp) Welcome back, RepHenryClay the Demonspawn Fighter.
Press ? for a list of commands and other information.
Okay, then.
Okay, then.
You feel very mighty all of a sudden. The jelly hits you but does no damage.
You hit the jelly.
Your hands burn!
* * * LOW HITPOINT WARNING * * *
Your headbutt misses the jelly.
The jelly is heavily wounded.
The jelly closely misses you.
Damage: -4%(-2hp) hp: 28%(13hp) Welcome back, RepHenryClay the Demonspawn Fighter.
Press ? for a list of commands and other information.
You hit the jelly. The acid corrodes you!
Your hands burn!
* * * LOW HITPOINT WARNING * * *
The jelly is almost dead.
The jelly barely misses you.
Huge Dmg: -10%(-5hp) hp: 18%(8hp) Welcome back, RepHenryClay the Demonspawn Fighter.
Press ? for a list of commands and other information.
You hit the jelly.
You kill the jelly!
The endoplasm hits you but does no damage.
You have reached level 7!
You hit the endoplasm.
The endoplasm is severely wounded.
The endoplasm freezes you.
You are frozen.
* * * LOW HITPOINT WARNING * * *
Huge Dmg: -8%(-4hp) hp: 10%(5hp) Welcome back, RepHenryClay the Demonspawn Fighter.
Press ? for a list of commands and other information.
You hit the endoplasm.
The endoplasm is almost dead.
The endoplasm freezes you.
You are frozen.
You die...

#.# #..############ #.....
#.# #..###÷P..÷_..( #.....
#.# #...##.÷._._...
####.##.. #.#
#.#.##.P._._÷.. #....####
#.# #.#.##...÷.....
##.####### #.#
#.#.##..÷_...P. #.........
#.# ###.#.##.J.P.P...
#..)...... #.#
#...#.###J####### ##.#######
#.# #.###.# ##@(....## #.# #
#.# #.# #.# ########.# #.# #
#.# #)# #.# #....'..## #.# #
#.# #.# #.###....#### #.# #
###.# #.# #..##.......####.#
## #...#
#.###..##.......##...## ##.
#.###
#.##...##(......##....# #.#
#.#
#......##.......####..#####.
#.# ####...###.....##
#........


You could see 2 endoplasms.

Vanquished Creatures
  A bombardier beetle (D:3)
  2 hounds (D:4)
  A jelly (D:4)
  An orc priest (D:4)
  Jessica (D:3)
  Natasha (thrice) (D:3)
  An orc wizard (D:4)
  An iguana (D:4)
  3 gnolls (D:4)
  An adder (D:2)
  2 worms
  A dart slug (D:1)
  4 orcs (D:4)
  7 ball pythons
  3 bats
  14 endoplasms
  4 giant cockroaches
  6 hobgoblins
  7 jackals
  4 quokkas
  4 goblins
  16 kobolds
87 creatures vanquished.

Vanquished Creatures (others)
  An ogre (D:4)
  A jelly (D:4)
2 creatures vanquished.

Grand Total: 89 creatures vanquished

Notes
Turn   | Place    | Note
-------+----------+-------------------------------------------
     0 | D:1      | RepHenryClay the Demonspawn Fighter began the quest for the
                  | Orb.
     0 | D:1      | Reached XP level 1. HP: 18/18 MP: 1/1
    86 | D:1      | Found Plog's Magic Scroll Emporium.
   131 | D:1      | Gained mutation: You have an unusually large brain. (Int
                  | +2) [demonic ancestry]
   131 | D:1      | Reached XP level 2. HP: 23/24 MP: 2/2
   406 | D:1      | Found a faded altar of an unknown god.
   486 | D:1      | Reached XP level 3. HP: 29/29 MP: 3/3
  1394 | D:3      | Found a sparkling altar of Nemelex Xobeh.
  1588 | D:3      | Noticed Natasha
  1600 | D:3      | Killed Natasha
  1601 | D:3      | Gained mutation: You have an extremely huge brain. (Int +4)
                  | [demonic ancestry]
  1601 | D:3      | Reached XP level 4. HP: 24/35 MP: 4/4
  1681 | D:3      | Noticed Natasha
  1692 | D:3      | Killed Natasha
  1759 | D:3      | Noticed Jessica
  1771 | D:3      | Killed Jessica
  1853 | D:3      | Noticed Natasha
  1863 | D:3      | Killed Natasha
  1864 | D:3      | Gained mutation: You have a pair of small horns on your
                  | head. [demonic ancestry]
  1864 | D:3      | Reached XP level 5. HP: 33/41 MP: 5/5
  2385 | D:4      | Found a staircase to the Ecumenical Temple.
  2391 | Temple   | Entered the Ecumenical Temple
  2563 | D:4      | Gained mutation: You regenerate magic rapidly. [demonic
                  | ancestry]
  2563 | D:4      | Reached XP level 6. HP: 46/47 MP: 6/6
  2625 | D:4      | Reached skill level 5 in Armour
  2892 | D:4      | Found a broken altar of Ashenzari.
  3368 | D:4      | Found a sparkling altar of Nemelex Xobeh.
  3368 | D:4      | Found a broken altar of Ashenzari.
  3368 | D:4      | Found a blossoming altar of Fedhas.
  3368 | D:4      | Found a broken altar of Ashenzari.
  3381 | D:4      | Reached skill level 5 in Axes
  3388 | D:4      | Reached XP level 7. HP: 9/52 MP: 7/7
  3389 | D:4      | Frozen to death by an endoplasm

Illustrated notes

Levels and vault maps discovered:
D:1:      spicycebolla_green_bress_n_ham_2, layout_basic, serial_shops,
          nicolae_lakefront_shop, shapermc_ecumenical_altar_notcrosses,
          minmay_shallow_snake_nest
D:2:      layout_loops_cross, serial_rivers, chequers_serial_rivers_small_3,
          chequers_serial_rivers_small_a, chequers_serial_rivers_micro_a,
          chequers_serial_rivers_micro_e
D:3:      layout_basic, mainiacjoe_overflow_surrounded_room, uniq_natasha,
          uniq_jessica
D:4:      cheibrodos_fertilizer, layout_loops_ring,
          mainiacjoe_overflow_chevrons, minmay_temple_entry_proselytizer
Temple:   hellmonk_temple_beads

Skill      XL: |  1  2  3  4  5  6 |
---------------+-------------------+-----
Axes           | 2 3 4 5 |  5.0
Armour         | 3 4 5 |  5.5
Fighting       | |  3.0
Shields        | |  2.6

Action                     |  1- 3 |  4- 6 |  7- 9 || total
---------------------------+-------+-------+-------++-------
  Melee: War axe           |   101 |   155 |     2 ||   258
         Headbutt          |       |    18 |       ||    18
  Throw: Dart              |       |     5 |       ||     5
  Evoke: Wand              |       |     4 |       ||     4
    Use: Potion            |       |     4 |       ||     4
 Armour: Scale mail        |    43 |       |       ||    43
         Chain mail        |    41 |   142 |       ||   183
  Dodge: Dodged            |    54 |    55 |       ||   109
  Block: Buckler           |    19 |    40 |       ||    59

Table legend: (Time is in decaauts)
 A = Elapsed time spent in this place.
 B = Non-inter-level travel time spent in this place.
 C = Inter-level travel time spent in this place.
 D = Time resting spent in this place.
 E = Time spent auto-exploring this place.
 F = Levels seen in this place.
 G = Mean time per level.
                   A        B        C        D        E       F      G
               +--------+--------+--------+--------+--------+-----+--------+
         Total |   3491 |   3422 |     69 |      0 |   2782 |   5 |  698.2 |
       Dungeon |   3490 |   3421 |     69 |      0 |   2782 |   4 |  872.5 |
        Temple |      1 |      1 |      0 |      0 |      0 |   1 |    1.0 |
               +--------+--------+--------+--------+--------+-----+--------+

Top non-repeatable levels by time:
     D:4: 1044 daAuts
     D:3: 1016 daAuts
     D:1: 750 daAuts
     D:2: 678 daAuts
  Temple: 1 daAuts
